 Dungeon Crawl Stone Soup version 0.29.1-12-g30fa7ad0bf (webtiles) character file.

Game seed: 11254307291323625179

2076 bnorton916 the Magician (level 9, -9/45 HPs)
             Began as a Deep Elf Fire Elementalist on Jan 3, 2023.
             Was an Initiate of Gozag.
             Mangled by a boulder beetle (54 damage)
             ... on level 6 of the Dungeon.
             The game lasted 00:12:22 (7413 turns).

bnorton916 the Magician (DEFE)                      Turns: 7413, Time: 00:12:23

Health: -9/45      AC: 10    Str:  5    XL:     9   Next: 6%
Magic:  30/31      EV: 17    Int: 25    God:    Gozag
Gold:   201        SH:  0    Dex: 15    Spells: 5/23 levels left

rFire   . . .      SeeInvis .   (no weapon)
rCold   . . .      Faith    .   (no shield)
rNeg    . . .      Spirit   .   D - +0 steam dragon scales
rPois   .          Reflect  .   v - +0 helmet
rElec   .          Harm     .   B - +0 cloak
rCorr   .          Rampage  .   f - +1 pair of gloves
Will    .....                   (no boots)
Stlth   ++........              p - amulet of regeneration
HPRegen 0.95/turn               k - +4 ring of evasion
MPRegen 0.22/turn               i - ring of magical power

@: no status effects
A: no striking features
a: Renounce Religion, Potion Petition, Call Merchant, Bribe Branch


You were on level 6 of the Dungeon.
You worshipped Gozag.
Gozag was aware of your devotion.
You visited 2 branches of the dungeon, and saw 8 of its levels.
You also visited: Sewer.

You collected 367 gold pieces.
You paid 166 gold pieces to Gozag.

Inventory:

Hand Weapons
 u - a +0 short sword of electrocution
 G - a +1 hand axe of electrocution
Missiles
 j - 3 boomerangs
 y - 16 poisoned darts
Armour
 f - a +1 pair of gloves (worn)
 v - a +0 helmet (worn)
 B - a +0 cloak (worn)
 D - +0 steam dragon scales (worn)
Jewellery
 e - a ring of fire
 i - a ring of magical power (right hand)
 k - a +4 ring of evasion (left hand)
 n - a +6 ring of intelligence
 p - an amulet of regeneration (around neck)
Wands
 q - a wand of roots (5)
 x - a wand of light (11)
 J - a wand of digging (1)
Scrolls
 a - 2 scrolls of immolation {unknown}
 d - a scroll of enchant armour
 r - 4 scrolls of fog
 t - 3 scrolls of enchant weapon
 C - 2 scrolls of poison {unknown}
 E - 2 scrolls of amnesia {unknown}
 H - a scroll of noise {unknown}
Potions
 b - 2 potions of magic
 c - 2 potions of degeneration
 g - 2 potions of flight
 h - 3 potions of attraction
 l - a potion of resistance {unknown}
 m - 3 potions of mutation
 w - 5 potions of might
 z - a potion of haste {unknown}
 A - a potion of lignification {unknown}
 F - a potion of berserk rage {unknown}
 I - 2 potions of cancellation {unknown}


   Skills:
 + Level 3.1 Armour
 + Level 2.7 Dodging
 - Level 2.4 Stealth
 - Level 7.7 Spellcasting
 + Level 7.6 Conjurations
 - Level 6.9 Fire Magic
 - Level 4.0 Ice Magic


You had 5 spell levels left.
You knew the following spells:

 Your Spells              Type           Power      Damage    Failure   Level
a - Foxfire               Conj/Fire      100%       2x1d9     1%          1
b - Scorch                Fire           88%        2d9       1%          2
c - Conjure Flame         Conj/Fire      46%        6-21      1%          3
d - Flame Wave            Conj/Fire      46%        2d12      3%          4
e - Sticky Flame          Conj/Fire      46%        2d6       3%          4
f - Hailstorm             Conj/Ice       38%        3d9       5%          4

Your spell library contained the following spells:

 Spells                   Type           Power      Damage    Failure   Level
 Inner Flame              Hex/Fire       27%        N/A       4%          3
 Ignite Poison            Fire/Tmut/Pois 21%        N/A       7%          3
 Sublimation of Blood     Necr           9%         N/A       10%         2
 Wereblood                Tmut           9%         N/A       10%         2
 Ice Form                 Ice/Tmut       19%        N/A       26%         4
 Summon Hydra             Summ           4%         N/A       100%        7
 Simulacrum               Ice/Necr       Unusable   N/A       N/A         6

Dungeon Overview and Level Annotations

Branches:
Dungeon (7/15)             Temple (1/1) D:6           Sewer (visited)

Altars:
Cheibriados
Dithmenos
Elyvilon
Gozag
Kikubaaqudgha
Makhleb
Okawaru
Qazlal
Ru
Sif Muna
Trog
Uskayaw
Vehumet
Wu Jian
Xom
Yredelemnul
Zin

Shops:
D:1 :

Annotations:
D:3 3 runed translucent doors, Lucy's ghost, amateur HuCK; Sledge's ghost, weakling TrEn; nachturnus's ghost, novice HuFi
D:7 Dowan; Duvessa


Message History

You kill the orc!
The foxfire hits the orc.
The orc is severely wounded.
The orc is no longer distracted by gold.
The orc shouts!
Casting: Foxfire (safe; 1% risk of failure)
Confirm with . or Enter, or press ? or * to list all spells.
You conjure some foxfire!
The foxfire hits the orc.
You kill the orc!
Your foxfire dissipates!
You now have 181 gold pieces (gained 15).
E - 2 scrolls labelled RIEMECZ JAZI (gained 1)
j - 3 boomerangs
Things that are here:
a +0 dagger; a +0 flail; a +0 chain mail
Things that are here:
a +0 dagger; a +0 flail; a +0 chain mail You now have 185 gold pieces (gained 4).
Things that are here:
a +0 hand axe; a +0 ring mail You now have 191 gold pieces (gained 6).
Things that are here:
a +0 long sword; a +0 chain mail
There is an open door here.
Found 13 gold pieces.
You now have 201 gold pieces (gained 10).
You start resting.
Magic restored.
You start waiting.
A boulder beetle comes into view.
The boulder beetle curls into a ball and begins rolling!
Casting: Foxfire (safe; 1% risk of failure)
Confirm with . or Enter, or press ? or * to list all spells.
You conjure some foxfire!
The foxfire hits the boulder beetle but does no damage. x2
The boulder beetle hits you!!!
Ouch! That really hurt!
You die...
Your body crumbles into a pile of gold.

#.* ##.##...###...#*,* #. #.*
##..#.###....###.* #. #.*
#...#.#...#,,,.$,* #.
..####.#..†...##**#.*** #.
.......##.#.).####.,* #.
....#####.[.####..,********** #.
....# ##### #.#***,,,,,,,****#
....####### ####§####...,,,,+,,,,
..........###..§@B○.....,,,,*####
#'##...).).)'..§§..°°...,,,,,....
..,#...)...##.......?.#.*****####
#..#.......##.........#,,,,,,....
...#.#####..........<.#,,****####
##.....######[........#,,******#.
####.#...o.o.>..#######,,,,,,,,#.
.....#..#########**** **,*****,##
######..#,,,,,,,,,,,* *,*****,**


You could see a boulder beetle (rolling).

Vanquished Creatures
  Sigmund (D:6)
  A steam dragon (D:4)
  An orc warrior (D:6)
  2 ice beasts (D:5)
  A centaur (D:4)
  A phantom (D:5)
  A bullfrog (D:5)
  3 scorpions
  3 necrophages
  3 wights (D:6)
  A howler monkey (D:6)
  Crazy Yiuf (D:3)
  2 jellies (D:5)
  3 orc priests
  Jessica (D:2)
  Natasha (thrice) (D:2)
  4 iguanas
  3 orc wizards
  A hell rat (Sewer)
  Robin (D:3)
  2 gnolls (D:6)
  6 adders
  5 river rats (Sewer)
  3 ufetubi
  A worm (D:4)
  2 dart slugs
  19 orcs
  9 ball pythons
  9 endoplasms
  2 giant cockroaches (D:2)
  13 goblins
  12 hobgoblins
  2 jackals (D:5)
  5 kobolds
  A quokka (D:4)
  4 bats
  2 frilled lizards
  5 rats
139 creatures vanquished.

Vanquished Creatures (others)
  438 foxfires
438 creatures vanquished.

Grand Total: 577 creatures vanquished

Notes
Turn   | Place    | Note
-------+----------+-------------------------------------------
     0 | D:1      | bnorton916 the Deep Elf Fire Elementalist began the quest
                  | for the Orb.
     0 | D:1      | Reached XP level 1. HP: 10/10 MP: 6/6
   461 | D:1      | Reached XP level 2. HP: 15/15 MP: 4/8
   732 | D:1      | Found Bexefuhe's Book Shop.
  1395 | D:2      | Learned a level 2 spell: Scorch
  1422 | D:2      | Reached XP level 3. HP: 19/19 MP: 10/10
  1746 | D:2      | Noticed Natasha
  1756 | D:2      | Killed Natasha
  1757 | D:2      | Reached XP level 4. HP: 24/24 MP: 12/12
  1867 | D:2      | Noticed Jessica
  1874 | D:2      | Killed Jessica
  1933 | D:2      | Noticed Natasha
  2163 | D:2      | Killed Natasha
  2220 | D:2      | Noticed Natasha
  2226 | D:2      | Killed Natasha
  2227 | D:2      | Reached XP level 5. HP: 28/28 MP: 14/14
  2704 | D:3      | Found a glowing drain.
  2730 | Sewer    | Entered a sewer
  2735 | Sewer    | Reached skill level 5 in Spellcasting
  2947 | Sewer    | Reached skill level 5 in Fire Magic
  3033 | D:3      | Reached XP level 6. HP: 21/32 MP: 16/16
  3276 | D:3      | Noticed Robin
  3310 | D:3      | Killed Robin
  3604 | D:3      | Found a runed translucent gate.
  3604 | D:3      | Found a runed translucent gate.
  3604 | D:3      | Found a runed translucent gate.
  3610 | D:3      | Noticed nachturnus's ghost (novice HuFi)
  3610 | D:3      | Noticed Sledge's ghost (weakling TrEn)
  3610 | D:3      | Noticed Lucy's ghost (amateur HuCK)
  3920 | D:3      | Found a runed translucent door.
  3921 | D:3      | Noticed Crazy Yiuf
  3931 | D:3      | Learned a level 3 spell: Conjure Flame
  3942 | D:3      | Killed Crazy Yiuf
  4371 | D:4      | Noticed a steam dragon
  4390 | D:4      | Reached XP level 7. HP: 36/36 MP: 18/18
  4446 | D:4      | Killed a steam dragon
  4447 | D:4      | Reached skill level 5 in Conjurations
  4849 | D:4      | Found a shimmering altar of Xom.
  5038 | D:5      | Entered Level 5 of the Dungeon
  5949 | D:5      | Reached XP level 8. HP: 41/41 MP: 21/21
  6012 | D:5      | Learned a level 4 spell: Flame Wave
  6017 | D:5      | Learned a level 4 spell: Sticky Flame
  6022 | D:5      | Learned a level 4 spell: Hailstorm
  6052 | D:5      | Reached skill level 1 in Ice Magic
  6191 | D:5      | Reached skill level 1 in Armour
  6690 | D:6      | Found a shadowy altar of Dithmenos.
  6753 | D:6      | Noticed Sigmund
  6988 | D:7      | Noticed Dowan
  6990 | D:7      | Noticed Duvessa
  7008 | D:6      | Found a staircase to the Ecumenical Temple.
  7015 | Temple   | Entered the Ecumenical Temple
  7022 | Temple   | Became a worshipper of Gozag Ym Sagoz the Greedy
  7232 | D:6      | Killed Sigmund
  7233 | D:6      | Reached XP level 9. HP: 45/45 MP: 22/22
  7409 | D:6      | Noticed a boulder beetle
  7413 | D:6      | Mangled by a boulder beetle

Illustrated notes

Levels and vault maps discovered:
D:1:      dpeg_arrival_arbitrary_a, layout_basic, serial_shops,
          nicolae_shop_crystal
D:2:      layout_basic, chequers_serial_rivers_micro_b, uniq_natasha,
          uniq_jessica
D:3:      layout_basic, gammafunk_ghost_cemetery, cheibrodos_sewer_entry_sluice,
          uniq_crazy_yiuf_cottage, uniq_robin
D:4:      layout_cave_pools, marbit_many_paths, kennysheep_generic_room_2
D:5:      layout_basic
D:6:      layout_basic, gammafunk_temple_overflow_forgotten,
          grunt_dithmenos_smoke_and_mirrors, minmay_temple_entry_slanted,
          minmay_microvault, uniq_sigmund
D:7:      layout_rooms, uniq_duvessa
Temple:   nicolae_temple_no_exploring_needed

Skill      XL: |  1  2  3  4  5  6  7  8  9 |
---------------+----------------------------+-----
Conjurations   | 2 3 4 5 7 |  7.6
Spellcasting   | 4 5 6 7 |  7.7
Fire Magic     | 4 5 6 |  6.9
Ice Magic      | 4 |  4.0
Armour         | 2 3 |  3.1
Dodging        | |  2.7
Stealth        | |  2.4

Action                   |  1- 3 |  4- 6 |  7- 9 || total
-------------------------+-------+-------+-------++-------
 Cast: Foxfire           |    71 |   106 |    88 ||   265
       Scorch            |     5 |    20 |    42 ||    67
       Flame Wave        |       |       |     1 ||     1
       Sticky Flame      |       |       |     1 ||     1
Evoke: Wand              |       |       |     2 ||     2
  Use: Scroll            |       |     2 |     9 ||    11
       Potion            |       |       |     4 ||     4
Armor: Robe              |     2 |     6 |     4 ||    12
       Steam dragon scal |       |       |    18 ||    18
Dodge: Dodged            |    14 |    13 |    70 ||    97
